 Dungeon Crawl Stone Soup version 0.22.1-6-g1668fe2 (console) character file.

426370 erker the Peltast (level 23, -2/147 HPs)
             Began as a Gargoyle Fighter on Jan 20, 2019.
             Was the Champion of Makhleb.
             Slain by a deep troll (18 damage)
             ... summoned by a boggart
             ... while paralysed by a vampire knight
             ... on level 2 of the Depths on Jan 22, 2019.
             The game lasted 05:03:59 (50140 turns).

erker the Peltast (Gargoyle Fighter)               Turns: 50140, Time: 05:03:59

Health: -2/147     AC: 61    Str: 27    XL:     23   Next: 82%
Magic:  0/34       EV:  2    Int: 15    God:    Makhleb [******]
Gold:   1531       SH:  0    Dex:  6    Spells: 19/22 levels left

rFire    + + .     SeeInvis .   a - +7 demon whip (pain)
rCold    + + +     Gourm    .   d - +0 large shield
rNeg     + + .     Faith    .   P - +10 crystal plate armour
rPois    ∞         Spirit   +   X - +2 hat {Int+3}
rElec    +         Reflect  .   A - scarf {Spirit}
rCorr    .         Harm     .   l - +2 pair of gloves
MR       ++...                  n - +1 pair of boots
Stlth    ..........             i - amulet "Zueduek" {RegenMP rC++ Slay+3 Stlth+}
HPRegen  0.34/turn              G - ring "Earthly Heaven" {rF+ rC+ rN+ Dex-3 Slay+3}
MPRegen  0.49/turn              t - ring of protection from magic

@: paralysed, flying
A: big wings, hooves 1, icy blue scales 1, fire resistance 1, negative energy
resistance 1, screaming 1, electricity resistance, unbreathing, petrification
resistance, rot immunity, AC +17
}: 2/15 runes: serpentine, barnacled
a: Stop Flying, Minor Destruction, Lesser Servant of Makhleb, Major Destruction,
Greater Servant of Makhleb, Renounce Religion


You were on level 2 of the Depths.
You worshipped Makhleb.
Makhleb was exalted by your worship.
You were very hungry.

You visited 9 branches of the dungeon, and saw 41 of its levels.
You visited the Abyss 1 time.
You visited 1 bazaar.
You also visited: Ice Cave.

You collected 4390 gold pieces.
You spent 2859 gold pieces at shops.

Inventory:

Hand Weapons
 a - a +7 demon whip of pain (weapon)
 b - a +5 mace of protection
 j - a +0 flail of holy wrath
Missiles
 Z - 16 javelins of penetration (quivered)
Armour
 d - a +0 large shield (worn)
 l - a +2 pair of gloves (worn)
 n - a +1 pair of boots (worn)
 A - a scarf of spirit shield (worn)
 P - a +10 crystal plate armour (worn)
 U - a scarf of cloud immunity
 X - a +2 hat of intelligence (worn)
Jewellery
 i - the amulet "Zueduek" (around neck) {RegenMP rC++ Slay+3 Stlth+}
   (You found it on level 1 of the Depths)

   [amulet of magic regeneration]

   It increases your magic regeneration.
   It affects your accuracy and damage with ranged weapons and melee attacks
   (+3).
   It greatly protects you from cold.
   It makes you more stealthy.
 k - a +2 ring of protection
 t - a ring of protection from magic (right hand)
 G - the ring "Earthly Heaven" (left hand) {rF+ rC+ rN+ Dex-3 Slay+3}
   (You found it on level 1 of the Shoals)

   [ring of protection from fire]

   It affects your dexterity (-3).
   It affects your accuracy and damage with ranged weapons and melee attacks
   (+3).
   It protects you from fire.
   It protects you from cold.
   It protects you from negative energy.
 N - the brooch of Shielding {Reflect SH+8}
   (You bought it in a shop on level 2 of the Vaults)

   [amulet of reflection]

   It shields you and reflects attacks.
   It affects your SH (+8).
 Y - the ring of Nomameung {*Slow +Inv rF++ rN+}
   (You found it on level 4 of the Shoals)

   [ring of positive energy]

   It greatly protects you from fire.
   It protects you from negative energy.
   It lets you turn invisible.
   It may slow you when you take damage.
Wands
 u - a wand of disintegration (42)
 x - a wand of polymorph (57)
 z - a wand of random effects (23)
 D - a wand of acid (1)
 K - a wand of paralysis (41)
 M - a wand of iceblast (17)
 W - a wand of flame (96)
Scrolls
 c - 27 scrolls of identify
 g - 14 scrolls of remove curse
 h - 3 scrolls of enchant weapon
 o - 17 scrolls of teleportation
 r - 4 scrolls of magic mapping
 F - a scroll of acquirement
 R - 9 scrolls of blinking
Potions
 e - a potion of brilliance
 q - 6 potions of curing
 v - 4 potions of invisibility
 B - 10 potions of heal wounds
 E - 4 potions of haste
 H - a potion of resistance
 J - 5 potions of agility
 Q - 7 potions of might
Miscellaneous
 s - a box of beasts
 y - a phial of floods
 I - a lightning rod (4/4)
 S - a phantom mirror
 T - 3 sacks of spiders
Comestibles
 f - 36 rations


   Skills:
 + Level 16.2 Fighting
 + Level 16.0(16.5) Maces & Flails
   Level 8.0(13.0) Staves
 + Level 1.7 Throwing
 * Level 15.6 Armour
 * Level 11.2 Dodging
 + Level 20.7 Shields
 * Level 10.1 Necromancy
 - Level 15.0 Invocations
 + Level 12.1 Evocations


You had 19 spell levels left.
You knew the following spells:

 Your Spells              Type           Power        Failure   Level  Hunger
r - Regeneration          Chrm/Necr      ###.......   98%         3    ####...

Your spell library contained the following spells:

 Spells                   Type           Power        Failure   Level  Hunger
 Animate Skeleton         Necr           N/A          14%         1    ##.....
 Pain                     Necr           ####         14%         1    ##.....
 Corpse Rot               Necr           N/A          22%         2    ###....
 Vampiric Draining        Necr           ####......   41%         3    ####...
 Animate Dead             Necr           N/A          82%         4    #####..
 Dispel Undead            Necr           ####....     99%         5    ######.
 Apportation              Tloc           #.....       100%        1    ##.....
 Confusing Touch          Hex            #.....       100%        1    ##.....
 Flame Tongue             Conj/Fire      #....        100%        1    ##.....
 Freeze                   Ice            #...         100%        1    ##.....
 Infusion                 Chrm           #...         100%        1    ##.....
 Magic Dart               Conj           #...         100%        1    ##.....
 Shock                    Conj/Air       #...         100%        1    ##.....
 Summon Butterflies       Summ           #.......     100%        1    ##.....
 Summon Small Mammal      Summ           #...         100%        1    ##.....
 Blink                    Tloc           N/A          100%        2    ###....
 Call Imp                 Summ           #.......     100%        2    ###....
 Shroud of Golubria       Chrm/Tloc      #.........   100%        2    ###....
 Slow                     Hex            #.......     100%        2    ###....
 Song of Slaying          Chrm           #.......     100%        2    ###....
 Swiftness                Chrm/Air       #.......     100%        2    ###....
 Throw Flame              Conj/Fire      #.....       100%        2    ###....
 Throw Frost              Conj/Ice       #.....       100%        2    ###....
 Call Canine Familiar     Summ           #.......     100%        3    ####...
 Conjure Flame            Conj/Fire      #.......     100%        3    ####...
 Gell's Gravitas          Tloc           #.........   100%        3    ####...
 Inner Flame              Hex/Fire       #.......     100%        3    ####...
 Lesser Beckoning         Tloc           #.........   100%        3    ####...
 Mephitic Cloud           Conj/Pois/Air  #.......     100%        3    ####...
 Ozocubu's Armour         Chrm/Ice       #.......     100%        3    ####...
 Portal Projectile        Hex/Tloc       #.....       100%        3    ####...
 Recall                   Summ/Tloc      N/A          100%        3    ####...
 Spectral Weapon          Hex/Chrm       #.......     100%        3    ####...
 Static Discharge         Conj/Air       #.......     100%        3    ####...
 Summon Guardian Golem    Hex/Summ       #.......     100%        3    ####...
 Teleport Other           Tloc           #.......     100%        3    ####...
 Airstrike                Air            #.........   100%        4    #####..
 Cause Fear               Hex            #.........   100%        4    #####..
 Force Lance              Conj/Tloc      #.......     100%        4    #####..
 Passage of Golubria      Tloc           N/A          100%        4    #####..
 Sticky Flame             Conj/Fire      #.......     100%        4    #####..
 Summon Ice Beast         Ice/Summ       #.......     100%        4    #####..
 Summon Lightning Spire   Summ/Air       #.......     100%        4    #####..
 Throw Icicle             Conj/Ice       #.......     100%        4    #####..
 Borgnjor's Vile Clutch   Necr/Erth      ###.......   100%        5    ######.
 Fireball                 Conj/Fire      #.........   100%        5    ######.
 Lightning Bolt           Conj/Air       #.........   100%        5    ######.
 Silence                  Hex/Air        #.........   100%        5    ######.
 Summon Mana Viper        Hex/Summ       #.......     100%        5    ######.
 Yara's Violent Unravell  Hex/Tmut       #.........   100%        5    ######.
 Death Channel            Necr           ####......   100%        6    #######
 Deflect Missiles         Chrm/Air       #.........   100%        6    #######
 Dispersal                Tloc           #.........   100%        6    #######
 Simulacrum               Ice/Necr       ###.......   100%        6    #######
 Summon Hydra             Summ           #.........   100%        7    #######
 Borgnjor's Revivificati  Necr           ####......   100%        8    #######
 Controlled Blink         Tloc           N/A          100%        8    #######
 Discord                  Hex            #.........   100%        8    #######
 Disjunction              Tloc           #.........   100%        8    #######
 Sublimation of Blood     Necr           Unusable     N/A         2    N/A

Dungeon Overview and Level Annotations

Branches:
Dungeon (15/15)            Temple (1/1) D:4            Lair (6/6) D:9
 Shoals (4/4) Lair:4        Snake (4/4) Lair:3        Slime (0/5) Lair:6
    Orc (2/2) D:9             Elf (0/3) Orc:2        Vaults (4/5) D:14
  Crypt (3/3) Vaults:3       Tomb (0/3) Crypt:3      Depths (2/5) D:15

Altars:
Ashenzari
Cheibriados
Dithmenos
Elyvilon
Fedhas
Gozag
Hepliaklqana
Kikubaaqudgha
Makhleb
Nemelex Xobeh
Okawaru
Qazlal
Ru
Sif Muna
Trog
Uskayaw
Vehumet
Wu Jian
Xom
Yredelemnul
Zin
The Shining One
Beogh

Shops:
D:7 !   D:9 (   D:15 [   Orc:2 [[=[   Shoals:2 (   Shoals:3 *   Vaults:2 =
Vaults:3 *

Portals:
Hell: Depths:1
Abyss: Depths:1
Pandemonium: Depths:1
Trove: Depths:1 (give 5 scrolls of blinking)

Annotations:
D:2 Dig ?
D:7 1 runed door, Trampli's ghost, novice DrTm
D:9 2 transporters
D:15 3 runed doors, dengdeng's ghost, journeyman MiBe
Shoals:4 Neamis's ghost, journeyman DgSk; bmj180's ghost, adept MiFi


Innate Abilities, Weirdness & Mutations

You are resistant to torment.
Your stone body is resilient. (AC +17)
You are immune to poison.
Your large and strong wings let you fly indefinitely.
You resist negative energy. (rN+)
You are resistant to electric shocks. (rElec)
You can survive without breathing.
You are immune to petrification.
You are immune to rotting.
You have large cloven feet.
You are partially covered in icy blue scales. (AC +2)
Your flesh is heat resistant. (rF+)
You occasionally shout uncontrollably at your foes.


Message History

The deep troll bites you but does no damage.
The deep troll claws you but does no damage. x2
Something hits you. Something bites you but does no damage.
The death yak gores you.
* * * LOW HITPOINT WARNING * * *
The iron troll bites you but does no damage.
The iron troll claws you but does no damage.
The iron troll completely misses you.
The great orb of eyes bites you but does no damage.
The spriggan berserker hits you with a vampiric rapier.
* * * LOW HITPOINT WARNING * * *
The iron troll bites you.
* * * LOW HITPOINT WARNING * * *
The iron troll claws you but does no damage. x2
The spriggan rider hits you but does no damage.
The flayed ghost hits you but does no damage.
The death yak gores you but does no damage.
The boggart mumbles some strange words.
The boggart blinks!
The deep troll bites you!!
You die...

#.........#
###.........
...........# ##
..§.§≈.....#..#
§....≈........#
§≈≈g≈§.§.......
§§§...YW{......
..§§§TT@ii.....
......TTG......
##.....i.......
#.........?....
#......>....##.
##..........#
###.........
##....##.#.


You could see 2 iron trolls, a death yak (berserk), a great orb of eyes, a
spriggan rider, a flayed ghost, a deep troll, a spriggan berserker, a spriggan
air mage, a deep troll shaman and a boggart.

Vanquished Creatures
  Mara (Crypt:1)
  Vashnia (Snake:3)
  Jory (Crypt:1)
  The ghost of lysyklops the Warrior, an adept MiFi of Okawaru (Shoals:4)
  3 liches
  A tentacled monstrosity (Vaults:3)
  The ghost of Crl the Peltast, an adept GrFi of Okawaru (Shoals:4)
  The ghost of xelsha the Blocker, an adept GnFi of Sif Muna (Shoals:4)
  A kraken (Shoals:4)
  4 sphinxes
  Polyphemus (Shoals:3)
  A tentacled starspawn (Abyss:2)
  A shadow dragon (D:12)
  Gastronok (Lair:1)
  A tengu reaver (D:12)
  Ilsuiw (Shoals:3)
  8 nagarajas
  A fire giant (Vaults:4)
  A revenant (Crypt:1)
  An orc warlord (Orc:2)
  2 frost giants
  14 vault wardens
  3 ghouls (Crypt:2)
  3 curse skulls
  The ghost of erker the Transmogrifier, a journeyman OpTm of Cheibriados (D:14)
  12 very ugly things
  9 ironheart preservers
  9 stone giants
  20 vampire knights
  7 spark wasps (Depths:1)
  6 eidola
  2 deep elf death magi
  The ghost of StrungSween the Slicer, a journeyman MiFi of Makhleb (Snake:1)
  5 fire dragons
  6 merfolk javelineers
  2 blizzard demons (IceCv)
  7 yaktaur captains
  7 merfolk impalers
  4 ettins
  13 jiangshi
  5 great orbs of eyes
  5 rakshasas
  7 vault guards
  13 naga warriors
  6 hydras
  Harold (D:7)
  5 catoblepae
  5 ice dragons
  5 centaur warriors
  An alligator snapping turtle (Shoals:4)
  A merfolk avatar (Shoals:4)
  5 satyrs (Shoals:4)
  10 anacondas
  2 merfolk aquamancers
  8 death knights
  47 two-headed ogres
  2 tengu warriors
  4 deep troll shamans
  A titan zombie (Crypt:3)
  6 death yaks
  15 ogre magi
  4 dancing weapons
  10 vampire magi
  A soul eater (Crypt:2)
  2 deep troll earth magi
  Urug (D:13)
  6 shock serpents
  4 deep elf knights
  11 naga sharpshooters
  A fire crab (shapeshifter) (Vaults:2)
  3 orc high priests (Orc:2)
  3 storm dragon zombies (Crypt:3)
  A shadow wraith (Crypt:3)
  14 skeletal warriors
  2 iron trolls (Depths:1)
  A salamander mystic (Snake:4)
  4 unseen horrors
  A wretched star (Abyss:2)
  6 flayed ghosts
  13 deep trolls
  2 cherubim (D:15)
  3 deep elf archers
  3 glowing orange brains
  An anaconda zombie (Crypt:3)
  An obsidian statue (Snake:1)
  24 sea snakes
  A shadow dragon zombie (Crypt:1)
  6 naga ritualists
  19 phantasmal warriors
  5 wizards
  16 harpies
  13 ironbrand convokers
  A necromancer (Crypt:1)
  A lindwurm (Lair:6)
  15 orc knights
  10 deep elf magi
  6 orc sorcerers
  A wolf spider zombie (Crypt:1)
  4 wolf spiders
  6 mana vipers
  11 cyclopes
  36 ugly things
  A salamander (shapeshifter) (Vaults:4)
  12 manticores
  14 salamanders
  3 centaur zombies
  13 fauns
  A manticore (shapeshifter) (D:14)
  19 naga magi
  31 black mambas
  10 merfolk sirens
  4 elephants (Lair:4)
  11 guardian serpents
  17 vault sentinels
  5 water nymphs
  5 torpor snails (Lair:2)
  2 gargoyles
  A shock serpent zombie (Crypt:2)
  2 yellow draconian zombies
  3 ice statues (IceCv)
  An emperor scorpion zombie (Crypt:3)
  9 spiny frogs
  A rime drake (shapeshifter) (Vaults:1)
  3 large abominations (Abyss:2)
  8 rime drakes (Lair:5)
  40 yaktaurs
  2 anaconda simulacra (IceCv)
  2 komodo dragons (Lair:6)
  9 ice devils (IceCv)
  6 freezing wraiths
  A yaktaur (shapeshifter) (D:14)
  A yellow draconian skeleton (Crypt:3)
  4 guardian mummies (Crypt:3)
  A tengu conjurer (D:14)
  A merfolk (shapeshifter) (Vaults:3)
  34 merfolk
  A tengu simulacrum (Vaults:3)
  10 trolls
  6 wind drakes
  A polar bear (Lair:2)
  2 hornets (Vaults:1)
  A silent spectre (Abyss:2)
  A hydra zombie (Crypt:1)
  2 meliai (shapeshifter)
  Grinder (D:5)
  A wind drake (shapeshifter) (Vaults:1)
  A fire dragon zombie (Crypt:1)
  9 dream sheep
  11 blink frogs
  A meliai zombie (D:13)
  4 slime creatures (Vaults:1)
  9 snapping turtles
  A snapping turtle (shapeshifter) (Vaults:1)
  14 hippogriffs
  A death drake skeleton (Crypt:3)
  19 vampires (Crypt:3)
  Sigmund (D:5)
  3 shadows
  8 wraiths
  A guardian serpent skeleton (Crypt:1)
  6 wyverns
  An ice dragon skeleton (Crypt:1)
  An alligator skeleton (Crypt:2)
  A satyr skeleton (Crypt:3)
  A dire elephant simulacrum (IceCv)
  8 water elementals
  50 yaks
  3 hungry ghosts
  Grum (D:9)
  12 basilisks
  An iron troll simulacrum (IceCv)
  71 nagas
  7 vampire mosquitoes
  2 wargs
  A faun zombie (Crypt:1)
  4 harpy simulacra (IceCv)
  A two-headed ogre zombie (Crypt:2)
  4 acid dragons
  A gelid demonspawn zombie (Crypt:1)
  20 water moccasins
  A soldier ant (D:10)
  A hydra simulacrum (IceCv)
  A merfolk skeleton (Crypt:3)
  2 spiny frog zombies (Crypt:3)
  A floating eye (shapeshifter) (Vaults:3)
  3 porcupines
  57 orc warriors
  A black bear (shapeshifter) (Vaults:2)
  2 black bears
  An ettin simulacrum (IceCv)
  4 ice beasts
  4 sky beasts
  A necrophage (Crypt:2)
  34 ogres
  21 wolves
  3 phantoms
  A boggart (shapeshifter) (Vaults:4)
  5 boggarts
  14 centaurs
  16 crocodiles
  An octopode zombie (Crypt:3)
  An elf simulacrum (Vaults:1)
  3 big kobolds
  A draconian zombie (Crypt:2)
  Blork the orc (D:6)
  An elf zombie (Crypt:3)
  11 bullfrogs
  A wyvern zombie (D:14)
  A rime drake skeleton (Crypt:3)
  A water moccasin zombie (D:8)
  A yaktaur skeleton (Crypt:2)
  A scorpion (shapeshifter) (Vaults:1)
  A small abomination (Abyss:2)
  3 scorpions
  18 wights
  A shapeshifter zombie (Crypt:2)
  5 electric eels
  3 howler monkeys (D:9)
  7 crimson imps
  2 bullfrog zombies
  5 starcursed masses (Abyss:2)
  A human simulacrum (Vaults:3)
  39 orc priests
  A soldier ant zombie (Crypt:3)
  6 hounds
  6 jellies
  31 orc wizards
  3 bullfrog skeletons
  6 centaur skeletons
  An iron imp (D:7)
  An iguana (D:14)
  Terence (D:2)
  5 worker ants
  A killer bee zombie (D:10)
  A dwarf zombie (Crypt:3)
  A naga zombie (Crypt:3)
  A big kobold zombie (Crypt:2)
  A felid skeleton (Crypt:3)
  14 gnolls
  12 adders
  An ufetubus (Abyss:2)
  3 oozes (Lair:6)
  A halfling zombie (Crypt:1)
  An adder skeleton (D:6)
  An iguana skeleton (Crypt:2)
  A worm (D:2)
  12 dart slugs
  9 leopard geckos
  120 orcs
  7 bats
  4 giant cockroaches
  7 goblins
  8 hobgoblins
  16 jackals
  16 kobolds
  2 quokkas
  2 ball pythons
  7 frilled lizards
  A frilled lizard skeleton (Crypt:2)
  A giant cockroach zombie (D:6)
  A gnoll skeleton (Crypt:1)
  A hobgoblin zombie (Crypt:1)
  A jackal skeleton (Crypt:2)
  A leopard gecko zombie (D:5)
  7 rats
  2 crawling corpses (Vaults:1)
  4 plants
  2 tentacles (Shoals:4)
1787 creatures vanquished.

Vanquished Creatures (collateral kills)
  Saint Roka (Snake:4)
  Donald (Orc:2)
  Kirke (Shoals:4)
  A tengu reaver (Vaults:1)
  An ironheart preserver (Vaults:1)
  A deep elf demonologist (Vaults:1)
  A two-headed ogre (Orc:2)
  A satyr (Shoals:4)
  An alligator snapping turtle (Shoals:4)
  An orc high priest (Orc:2)
  A naga sharpshooter (Snake:2)
  6 sea snakes
  A harpy (Shoals:2)
  2 fauns (Shoals:4)
  A vault sentinel (Vaults:2)
  A spiny frog (Lair:5)
  5 merfolk (Shoals:4)
  A hog (Shoals:4)
  A naga (Snake:2)
  An orc warrior (Orc:2)
  An orc wizard (Orc:2)
  An orc priest (Orc:2)
  14 orcs
  2 tentacles (Shoals:4)
48 creatures vanquished.

Vanquished Creatures (others)
  A merfolk javelineer (Shoals:2)
  A yaktaur captain (Vaults:4)
  A deep troll earth mage (Vaults:1)
  A naga sharpshooter (Snake:3)
  A deep elf knight (Vaults:4)
  An ugly thing (Vaults:4)
  8 yaktaurs
  4 humans (Shoals:4)
  2 orc warriors
  2 boggarts
  An orc priest (Vaults:2)
  3 orcs
  A hobgoblin (D:2)
  9 fungi
  73 plants
  2 starspawn tentacles (Abyss:2)
  5 tentacles (Shoals:4)
  A withered plant (Shoals:2)
117 creatures vanquished.

Grand Total: 1952 creatures vanquished

Notes
Turn   | Place    | Note
-------+----------+-------------------------------------------
     0 | D:1      | erker the Gargoyle Fighter began the quest for the Orb.
     0 | D:1      | Reached XP level 1. HP: 14/14 MP: 1/1
    76 | D:1      | Reached XP level 2. HP: 10/19 MP: 2/2
   891 | D:1      | Reached XP level 3. HP: 23/23 MP: 3/3
  1131 | D:2      | Noticed Terence
  1259 | D:2      | Killed Terence
  1259 | D:2      | Reached XP level 4. HP: 25/28 MP: 4/4
  1261 | D:2      | Reached skill level 4 in Shields
  1755 | D:3      | Reached XP level 5. HP: 27/32 MP: 5/5
  1996 | D:3      | Found a shadowy altar of Dithmenos.
  2294 | D:3      | Noticed an air elemental
  2295 | D:3      | Found a stormy altar of Qazlal.
  2297 | D:3      | Noticed a fire elemental
  2297 | D:3      | Noticed a water elemental
  2510 | D:4      | Found a blossoming altar of Fedhas.
  2513 | D:4      | Noticed a centaur
  2532 | D:4      | Killed a centaur
  2532 | D:4      | Reached skill level 1 in Dodging
  2532 | D:4      | Reached XP level 6. HP: 27/38 MP: 6/6
  2592 | D:4      | Found a staircase to the Ecumenical Temple.
  2606 | Temple   | Entered the Ecumenical Temple
  2767 | D:4      | Found a burning altar of Makhleb.
  2772 | D:4      | Became a worshipper of Makhleb the Destroyer
  2896 | D:4      | Reached skill level 5 in Shields
  3078 | D:4      | Reached XP level 7. HP: 23/42 MP: 7/7
  3180 | D:4      | Reached * piety under Makhleb
  3402 | D:5      | Entered Level 5 of the Dungeon
  3520 | D:5      | Reached skill level 5 in Armour
  3587 | D:4      | Reached skill level 5 in Maces & Flails
  3592 | D:4      | Reached skill level 6 in Shields
  3763 | D:5      | Noticed Sigmund
  3809 | D:4      | Reached XP level 8. HP: 48/48 MP: 8/8
  3922 | D:5      | Killed Sigmund
  3948 | D:5      | Reached ** piety under Makhleb
  4134 | D:5      | Noticed Grinder
  4189 | D:5      | Paralysed by Grinder for 5 turns
  4210 | D:5      | Paralysed by Grinder for 5 turns
  4216 | D:5      | Paralysed by Grinder for 5 turns
  4222 | D:5      | Killed Grinder
  4222 | D:5      | Reached skill level 7 in Shields
  4428 | D:6      | Noticed Blork the orc
  4438 | D:6      | Killed Blork the orc
  4438 | D:6      | Reached skill level 5 in Fighting
  4503 | D:6      | Reached XP level 9. HP: 54/54 MP: 9/9
  5133 | D:6      | Found a bloodstained altar of Trog.
  5512 | D:7      | Noticed Harold
  5895 | D:7      | Killed Harold
  5895 | D:7      | Reached skill level 1 in Evocations
  6107 | D:7      | Found a runed door.
  6107 | D:7      | Noticed Trampli's ghost (novice DrTm)
  6209 | D:7      | Found Nautoi's Distillery.
  6212 | D:7      | Bought a potion of heal wounds for 55 gold pieces
  6212 | D:7      | Bought a potion of lignification for 33 gold pieces
  6234 | D:7      | Reached *** piety under Makhleb
  6234 | D:7      | Reached skill level 8 in Shields
  6769 | D:7      | Found a snail-covered altar of Cheibriados.
  7004 | D:7      | Got the ring of Acank {+Fly}
  7005 | D:7      | Identified the ring of Acank {+Fly Slay+4} (You found it on
                  | level 7 of the Dungeon)
  7197 | D:8      | Reached XP level 10. HP: 60/60 MP: 12/12
  7427 | D:8      | Found a sacrificial altar of Ru.
  7428 | D:8      | Found a basalt altar of Yredelemnul.
  7506 | D:9      | Found a staircase to the Orcish Mines.
  7524 | D:9      | Found Ugo Taymno's Antique Weapon Shoppe.
  7645 | D:9      | Found a staircase to the Lair.
  7747 | D:9      | Reached **** piety under Makhleb
  7861 | D:9      | Noticed Grum
  7900 | D:9      | Killed Grum
  7982 | D:9      | Noticed a kobold demonologist
  7982 | D:9      | Noticed a kobold demonologist
  7984 | D:9      | Noticed a kobold demonologist
  7985 | D:9      | Found a transporter.
  7989 | D:9      | Noticed an orc sorcerer
  7990 | D:9      | Noticed a kobold demonologist
  8017 | D:9      | Noticed a fire crab
  8022 | D:9      | Found a transporter.
  8048 | D:9      | Noticed a kobold demonologist
  8256 | D:10     | Entered Level 10 of the Dungeon
  8335 | D:10     | Reached skill level 9 in Shields
  8396 | D:10     | Reached XP level 11. HP: 58/66 MP: 14/14
  9049 | Lair:1   | Entered Level 1 of the Lair of Beasts
  9184 | Lair:1   | Noticed Gastronok
  9207 | Lair:1   | Killed Gastronok
  9207 | Lair:1   | Reached skill level 5 in Evocations
  9420 | Lair:1   | Reached skill level 10 in Armour
  9438 | Lair:1   | Reached ***** piety under Makhleb
  9445 | Lair:1   | Reached skill level 10 in Maces & Flails
  9704 | Lair:1   | Reached skill level 10 in Shields
 10146 | Lair:2   | Found an ornate altar of the Wu Jian Council.
 10352 | Lair:2   | Reached XP level 12. HP: 72/72 MP: 16/16
 10886 | Lair:2   | Reached skill level 1 in Invocations
 10900 | Lair:2   | Found a snail-covered altar of Cheibriados.
 11360 | Lair:3   | Found a staircase to the Snake Pit.
 12219 | Lair:4   | Found a staircase to the Shoals.
 12320 | Lair:4   | Reached skill level 11 in Shields
 12418 | Lair:4   | Noticed a catoblepas
 12431 | Lair:4   | Killed a catoblepas
 12585 | Lair:4   | Reached XP level 13. HP: 70/78 MP: 18/18
 12780 | Lair:4   | Reached skill level 5 in Dodging
 13176 | Lair:5   | Reached ****** piety under Makhleb
 13241 | Lair:5   | Reached skill level 1 in Throwing
 13241 | Lair:5   | Reached skill level 5 in Invocations
 13640 | Lair:5   | Gained mutation: Your large and strong wings let you fly
                  | indefinitely. [potion of mutation]
 13640 | Lair:5   | Gained mutation: You are dopey. (Int -2) [potion of
                  | mutation]
 13640 | Lair:5   | Gained mutation: You have large cloven feet. [potion of
                  | mutation]
 13640 | Lair:5   | Gained mutation: Your natural rate of healing is unusually
                  | fast. [potion of mutation]
 13856 | Lair:5   | Found an ornate altar of the Wu Jian Council.
 13965 | Lair:5   | Reached skill level 12 in Shields
 14219 | Lair:6   | Entered Level 6 of the Lair of Beasts
 14391 | Lair:6   | Found a staircase to the Slime Pits.
 14530 | Lair:6   | Mutation became permanent: Your large and strong wings let
                  | you fly indefinitely. [Gargoyle growth]
 14530 | Lair:6   | Gained mutation: Your large and strong wings let you fly
                  | indefinitely. [Gargoyle growth]
 14530 | Lair:6   | Reached XP level 14. HP: 67/84 MP: 20/20
 15380 | Snake:1  | Entered Level 1 of the Snake Pit
 15863 | Snake:1  | Found a runed gate.
 15864 | Snake:1  | Found a runed gate.
 15866 | Snake:1  | Found a runed gate.
 16429 | Snake:1  | Found an opulent altar of Gozag.
 16430 | Snake:1  | Noticed StrungSween's ghost (journeyman MiFi)
 17020 | Shoals:1 | Entered Level 1 of the Shoals
 17048 | Lair:4   | Reached skill level 13 in Shields
 17254 | Orc:1    | Entered Level 1 of the Orcish Mines
 17411 | Orc:2    | Entered Level 2 of the Orcish Mines
 17529 | Orc:2    | Noticed Donald
 17556 | Orc:2    | Killed Donald
 17613 | Orc:2    | Reached XP level 15. HP: 92/92 MP: 21/21
 17820 | Orc:2    | Found Nibb's Armour Shop.
 17900 | Orc:2    | Found Ythraeff's Jewellery Boutique.
 17928 | Orc:2    | Bought a cursed ring of teleportation for 76 gold pieces
 17928 | Orc:2    | Bought a cursed amulet of inaccuracy for 34 gold pieces
 17944 | Orc:2    | Found a roughly hewn altar of Beogh.
 18447 | Orc:2    | Found a staircase to the Elven Halls.
 18930 | Orc:2    | Noticed an orc warlord
 18985 | Orc:2    | Killed an orc warlord
 19085 | Orc:2    | Reached skill level 10 in Fighting
 19160 | Orc:2    | Found a roughly hewn altar of Beogh.
 19180 | Orc:2    | Found Syiryloang's Antique Armour Shop.
 19310 | Orc:2    | Found Poyfow's Antique Armour Shoppe.
 19696 | Orc:2    | Bought a pair of embroidered gloves for 262 gold pieces
 20245 | Shoals:1 | Got a twitching amber ring
 20247 | Shoals:1 | Identified the ring "Earthly Heaven" {rF+ rC+ rN+ Dex-3
                  | Slay+3} (You found it on level 1 of the Shoals)
 20381 | Shoals:1 | Reached skill level 10 in Evocations
 21353 | Shoals:2 | Reached skill level 14 in Shields
 21459 | Shoals:2 | Reached XP level 16. HP: 95/98 MP: 18/23
 22118 | Shoals:2 | Found Ustitsan's Weapon Shop.
 22404 | Shoals:3 | Noticed Ilsuiw
 22440 | Shoals:3 | Killed Ilsuiw
 22705 | Shoals:3 | Found Usucs's Assorted Antiques.
 22707 | Shoals:3 | Noticed Polyphemus
 22768 | Shoals:3 | Killed Polyphemus
 22768 | Shoals:3 | Reached skill level 10 in Invocations
 23335 | Snake:2  | Noticed a nagaraja
 23345 | Snake:2  | Killed a nagaraja
 23356 | Snake:2  | Noticed a nagaraja
 23374 | Snake:2  | Killed a nagaraja
 23739 | Snake:2  | Noticed a nagaraja
 23768 | Snake:2  | Killed a nagaraja
 24378 | Snake:3  | Reached skill level 15 in Shields
 24398 | Snake:3  | Found a frozen archway.
 24416 | IceCv    | Entered an ice cave
 24950 | IceCv    | Got a faintly humming cloak
 24961 | IceCv    | Identified the +2 cloak "Zaar" {Str+4} (You found it in an
                  | ice cave)
 25119 | Snake:3  | Noticed Vashnia
 25137 | Snake:3  | Reached XP level 17. HP: 86/105 MP: 10/25
 25372 | Snake:3  | Killed Vashnia
 27753 | D:12     | Noticed a sphinx
 27765 | D:12     | Paralysed by a sphinx for 5 turns
 27775 | D:12     | Paralysed by a sphinx for 2 turns
 27779 | D:12     | Killed a sphinx
 27861 | D:12     | Reached skill level 1 in Staves
 28391 | D:13     | Noticed Urug
 28442 | D:13     | Killed Urug
 28675 | D:13     | Found a burning altar of Makhleb.
 29448 | D:14     | Found a runed door.
 29466 | D:14     | Noticed erker's ghost (journeyman OpTm)
 29497 | D:14     | Killed erker's ghost
 29946 | D:14     | Found a gate to the Vaults.
 30006 | D:15     | Entered Level 15 of the Dungeon
 30013 | D:15     | Found Hoenout's Armour Boutique.
 30048 | D:15     | Reached skill level 5 in Staves
 30082 | D:15     | Reached XP level 18. HP: 114/114 MP: 24/26
 30252 | D:15     | Noticed dengdeng's ghost (journeyman MiBe)
 30274 | D:15     | Found a runed gate.
 30274 | D:15     | Found a runed gate.
 30274 | D:15     | Found a runed gate.
 30488 | D:15     | Found a staircase to the Depths.
 30537 | D:15     | Learned a level 3 spell: Regeneration
 31555 | Snake:1  | Killed StrungSween's ghost
 31689 | Snake:4  | Entered Level 4 of the Snake Pit
 31689 | Snake:4  | Noticed Saint Roka
 31710 | Snake:4  | Killed Saint Roka
 32775 | Snake:4  | Reached skill level 16 in Shields
 32855 | Snake:4  | Reached XP level 19. HP: 120/120 MP: 24/28
 32988 | Snake:4  | Got a serpentine rune of Zot
 33409 | Shoals:4 | Entered Level 4 of the Shoals
 33409 | Shoals:4 | Noticed Kirke
 33417 | Shoals:4 | Killed Kirke
 33635 | Shoals:4 | Got a heavily runed iron ring
 34278 | Shoals:4 | Got a barnacled rune of Zot
 34528 | Shoals:4 | Found a runed gate.
 34528 | Shoals:4 | Found a runed gate.
 34528 | Shoals:4 | Found a runed gate.
 34528 | Shoals:4 | Noticed xelsha's ghost (adept GnFi)
 34528 | Shoals:4 | Noticed bmj180's ghost (adept MiFi)
 34528 | Shoals:4 | Noticed Crl's ghost (adept GrFi)
 34529 | Shoals:4 | Noticed Neamis's ghost (journeyman DgSk)
 34529 | Shoals:4 | Noticed lysyklops's ghost (adept MiFi)
 34530 | Shoals:4 | Found the cursed +14 obsidian axe {chop, +Fly SInv *Curse}
 34661 | Shoals:4 | Killed xelsha's ghost
 34842 | Shoals:4 | Killed lysyklops's ghost
 34842 | Shoals:4 | Reached skill level 17 in Shields
 34970 | Shoals:4 | Killed Crl's ghost
 35524 | Lair:1   | Identified the ring of Nomameung {*Slow +Inv rF++ rN+} (You
                  | found it on level 4 of the Shoals)
 35720 | Lair:1   | Lost mutation: You have large cloven feet. [potion of
                  | mutation]
 35720 | Lair:1   | Lost mutation: You are dopey. (Int -2) [potion of mutation]
 35720 | Lair:1   | Lost mutation: Your natural rate of healing is unusually
                  | fast. [potion of mutation]
 35720 | Lair:1   | Gained mutation: You are dopey. (Int -2) [potion of
                  | mutation]
 35720 | Lair:1   | Gained mutation: Your movements are slightly less
                  | encumbered by armour. (ER -2) [potion of mutation]
 35727 | Lair:1   | Lost mutation: You are dopey. (Int -2) [potion of mutation]
 35727 | Lair:1   | Lost mutation: Your movements are slightly less encumbered
                  | by armour. (ER -2) [potion of mutation]
 35727 | Lair:1   | Gained mutation: Your spells are a little easier to cast,
                  | but a little less powerful. [potion of mutation]
 35727 | Lair:1   | Gained mutation: You occasionally shout uncontrollably at
                  | your foes. [potion of mutation]
 35727 | Lair:1   | Gained mutation: You are partially covered in rugged brown
                  | scales. (AC +1, +3% HP) [potion of mutation]
 35728 | Lair:1   | Lost mutation: You are partially covered in rugged brown
                  | scales. (AC +1, +3% HP) [potion of mutation]
 35728 | Lair:1   | Lost mutation: Your spells are a little easier to cast, but
                  | a little less powerful. [potion of mutation]
 35728 | Lair:1   | Gained mutation: You are dopey. (Int -2) [potion of
                  | mutation]
 35728 | Lair:1   | Gained mutation: You are partially covered in icy blue
                  | scales. (AC +2) [potion of mutation]
 35729 | Lair:1   | Lost mutation: You are dopey. (Int -2) [potion of mutation]
 35729 | Lair:1   | Gained mutation: You have large cloven feet. [potion of
                  | mutation]
 35729 | Lair:1   | Gained mutation: Your flesh is heat resistant. (rF+)
                  | [potion of mutation]
 35961 | Vaults:1 | Entered Level 1 of the Vaults
 36088 | Vaults:1 | Cast into level 2 of the Abyss (a wizard)
 36129 | Abyss:2  | Paralysed by accursed screaming for 1 turns
 36139 | Abyss:2  | Paralysed by accursed screaming for 1 turns
 36294 | Abyss:2  | Paralysed by accursed screaming for 2 turns
 36314 | Abyss:2  | Found a corrupted altar of Lugonu.
 36342 | Vaults:1 | Escaped the Abyss
 36821 | Vaults:1 | Reached XP level 20. HP: 128/128 MP: 30/30
 38262 | Vaults:2 | Found Vemiebbur's Jewellery Shoppe.
 38269 | Vaults:2 | Bought a cursed ring of attention for 90 gold pieces
 38269 | Vaults:2 | Bought a cursed -4 ring of protection for 40 gold pieces
 38348 | Vaults:2 | Reached skill level 18 in Shields
 39592 | Vaults:2 | Reached skill level 15 in Fighting
 39613 | Vaults:2 | Found the +0 sword of Power
 39749 | Vaults:2 | Reached XP level 21. HP: 134/134 MP: 28/31
 40188 | Vaults:3 | Paralysed by a floating eye for 2 turns
 40272 | Vaults:3 | Found a staircase to the Crypt.
 41051 | Vaults:3 | Reached skill level 10 in Dodging
 41105 | Vaults:3 | Reached skill level 19 in Shields
 41120 | Vaults:3 | Found the +8 glaive of the Guard {elec, +Rage AC+5 SInv}
 41159 | Vaults:3 | Reached skill level 15 in Maces & Flails
 41392 | Vaults:3 | Found Vorogusk's General Store.
 41400 | Vaults:3 | Bought a scroll of identify for 22 gold pieces
 41400 | Vaults:3 | Bought a scroll of remove curse for 33 gold pieces
 41400 | Vaults:3 | Bought a potion of mutation for 88 gold pieces
 42381 | Vaults:4 | Reached skill level 15 in Armour
 42487 | Vaults:4 | Found a flickering gateway to a bazaar.
 42496 | Bazaar   | Entered a bazaar
 42505 | Bazaar   | Found Xeron's Book Boutique.
 42510 | Bazaar   | Found Qifopoak's Book Boutique.
 42510 | Bazaar   | Found Cietzu's Jewellery Boutique.
 42567 | Bazaar   | Found Geynupp's Jewellery Shop.
 43068 | Vaults:4 | Reached skill level 15 in Invocations
 43129 | Vaults:4 | Reached XP level 22. HP: 111/141 MP: 7/33
 44018 | Vaults:2 | Bought the brooch of Shielding {Reflect SH+8} for 2126 gold
                  | pieces
 44018 | Vaults:2 | Found the brooch of Shielding {Reflect SH+8}
 44279 | Lair:1   | Identified 2 scrolls of acquirement
 44553 | Crypt:1  | Entered Level 1 of the Crypt
 44588 | Crypt:1  | Got a pair of scorched gloves
 44599 | Crypt:1  | Identified the cursed +0 pair of gloves "Biufept" {Dex+4}
                  | (You found it on level 1 of the Crypt)
 44627 | Crypt:1  | Noticed Mara
 44643 | Crypt:1  | Noticed erker's illusion
 44816 | Crypt:1  | Killed Mara
 45174 | Crypt:1  | Reached skill level 5 in Necromancy
 45731 | Crypt:1  | Noticed Jory
 45765 | Crypt:1  | Killed Jory
 45965 | Crypt:2  | Paralysed by a vampire knight for 5 turns
 45985 | Crypt:2  | Paralysed by something for 5 turns
 46249 | Crypt:3  | Entered Level 3 of the Crypt
 46456 | Crypt:3  | Paralysed by something for 3 turns
 46683 | Crypt:3  | Paralysed by something for 3 turns
 46906 | Crypt:3  | Reached skill level 20 in Shields
 47717 | Crypt:3  | Reached XP level 23. HP: 147/147 MP: 32/34
 47745 | Crypt:3  | Paralysed by something for 7 turns
 47761 | Crypt:3  | Paralysed by something for 5 turns
 47861 | Crypt:3  | Got a faintly glowing iron ring
 48142 | Crypt:3  | Got jewelled fire dragon scales
 48153 | Crypt:3  | Identified the +12 fire dragon scales of Dum Egum {+Blink
                  | rElec rF++ rC- Slay-2} (You found it on level 3 of the
                  | Crypt)
 48268 | Crypt:3  | Identified the Grimoire of the Vanishing Places
 48356 | Crypt:3  | Found a staircase to the Tomb.
 48862 | Lair:1   | Identified the ring "Qouc" {rPois Stlth+} (You took it off
                  | a vampire knight on level 3 of the Crypt)
 49052 | Depths:1 | Entered Level 1 of the Depths
 49246 | Depths:1 | Found a portal to a secret trove of treasure.
 49568 | Depths:1 | Found a one-way gate leading to the halls of Pandemonium.
 49603 | Depths:1 | Found a gateway to Hell.
 49827 | Depths:1 | Got a transparent diamond amulet
 49857 | Depths:1 | Identified the amulet "Zueduek" {RegenMP rC++ Slay+3
                  | Stlth+} (You found it on level 1 of the Depths)
 49885 | Depths:1 | Found a one-way gate to the infinite horrors of the Abyss.
 50030 | Depths:2 | Reached skill level 10 in Necromancy
 50135 | Depths:2 | Paralysed by something for 6 turns
 50140 | Depths:2 | Slain by a deep troll

Skill      XL: |  1  2  3  4  5  6  7  8  9 10 11 12 13 14 15 16 17 18 19 20 21 22 23 |
---------------+----------------------------------------------------------------------+-----
Armour         | 4 5 6 7 9 10 11 13 14 15 | 15.6
Shields        | 4 5 6 7 8 9 10 11 12 13 14 15 16 17 18 19 20 | 20.7
Maces & Flails | 3 4 5 6 7 9 10 11 12 13 14 15 16 | 16.0
Dodging        | 1 2 3 4 5 6 7 8 9 10 11 | 11.2
Fighting       | 4 5 6 7 8 9 10 11 13 14 15 16 | 16.2
Evocations     | 2 4 5 7 8 9 10 11 12 | 12.1
Invocations    | 4 6 8 9 10 11 12 13 14 15 | 15.0
Throwing       | 1 |  1.7
Staves         | 5 7 8 |  8.0
Necromancy     | 6 10 | 10.1

Action                   |  1- 3 |  4- 6 |  7- 9 | 10-12 | 13-15 | 16-18 | 19-21 | 22-24 || total
-------------------------+-------+-------+-------+-------+-------+-------+-------+-------++-------
Melee: Flail             |   124 |     2 |    40 |    91 |       |       |       |  1114 ||  1371
       Mace              |       |   307 |   556 |   940 |  2469 |  2438 |  3572 |    20 || 10302
       Staff             |       |       |       |       |       |   719 |       |       ||   719
       Morningstar       |       |       |       |       |       |       |   379 |    93 ||   472
       Demon whip        |       |       |       |       |       |       |       |   892 ||   892
Throw: Tomahawk          |       |       |     9 |       |       |       |       |       ||     9
       Javelin           |       |       |       |     3 |     6 |       |    27 |       ||    36
Invok: Minor Destruction |       |       |     2 |       |       |       |       |       ||     2
       Greater Servant o |       |       |       |       |       |     1 |     5 |     1 ||     7
 Abil: Evoke Flight      |       |       |     3 |       |       |       |       |       ||     3
       Fly               |       |       |       |       |     3 |       |       |       ||     3
       Stop Flying       |       |       |       |       |     2 |       |       |       ||     2
       Evoke Invisibilit |       |       |       |       |       |       |     1 |       ||     1
Evoke: Wand              |       |       |     1 |     4 |    41 |     9 |    22 |     1 ||    78
       Sack of spiders   |       |       |       |       |     3 |     3 |     1 |       ||     7
       Phial of floods   |       |       |       |       |       |     1 |       |       ||     1
       Lightning rod     |       |       |       |       |       |       |    11 |       ||    11
  Use: Potion            |       |       |     5 |     2 |     7 |     5 |    12 |       ||    31
       Scroll            |       |       |    15 |       |     9 |     8 |    19 |    10 ||    61
 Stab: Invisible         |       |       |       |     6 |     4 |       |     2 |       ||    12
       Paralysed         |       |       |       |       |     5 |       |       |       ||     5
       Distracted        |       |       |       |       |     1 |     1 |     1 |     3 ||     6
       Petrified         |       |       |       |       |       |    24 |       |       ||    24
  Eat: Chunk             |     1 |     7 |    12 |    21 |    26 |    38 |    32 |     8 ||   145
       Ration            |       |       |     1 |       |     2 |     2 |     2 |     5 ||    12
Armor: Scale mail        |    79 |   133 |       |       |       |       |       |       ||   212
       Chain mail        |       |   168 |   322 |   214 |   323 |       |       |       ||  1027
       Skin              |       |       |    23 |       |       |       |       |       ||    23
       Quicksilver drago |       |       |       |   445 |   971 |   112 |       |       ||  1528
       Crystal plate arm |       |       |       |       |       |  1776 |  2462 |  1339 ||  5577
Dodge: Dodged            |    36 |   113 |   136 |   526 |  1089 |   462 |   736 |   324 ||  3422
Block: Shield            |    83 |   220 |   329 |   749 |  1648 |   674 |  2209 |    59 ||  5971
       Reflection        |       |       |       |       |    24 |    65 |    74 |    44 ||   207
       Large shield      |       |       |       |       |       |  2041 |   680 |  2461 ||  5182
